 Dungeon Crawl Stone Soup version 0.23-a0-352-geaabbf3 (webtiles) character file.

730 Cryolive the Slinger (level 8, -3/54 HPs)
             Began as a Halfling Hunter on Oct 20, 2018.
             Was an Initiate of Dithmenos.
             Slain by Duvessa
             ... wielding a +0 rapier
              (6 damage)
             ... on level 5 of the Dungeon.
             The game lasted 00:33:34 (4276 turns).

Cryolive the Slinger (Halfling Hunter)              Turns: 4276, Time: 00:33:35

Health: -3/54      AC: 11    Str: 13    XL:     8   Next: 3%
Magic:  8/8        EV: 14    Int:  9    God:    Dithmenos [......]
Gold:   321        SH:  0    Dex: 17    Spells: 7/7 levels left

rFire    . . .     SeeInvis +   x - +5 dagger
rCold    . . .     Gourm    .   (shield restricted)
rNeg     . . .     Faith    .   o - +1 ring mail {rPois}
rPois    +         Spirit   .   (no helmet)
rElec    .         Reflect  .   (no cloak)
rCorr    .         Harm     .   G - +2 pair of gloves
MR       .....                  F - +0 pair of boots
Stlth    +.........             l - amulet of rage
HPRegen  0.18/turn              c - ring of see invisible
MPRegen  0.11/turn              u - ring of poison resistance

@: glowing
A: small, mutation resistance 1
a: Renounce Religion, Evoke Berserk Rage


You were on level 5 of the Dungeon.
You worshipped Dithmenos.
Dithmenos was noncommittal.
You were not hungry.

You visited 2 branches of the dungeon, and saw 6 of its levels.

You collected 321 gold pieces.

Inventory:

Hand Weapons
 a - a +1 hunting sling
 x - a +5 dagger (weapon)
 C - a +0 shortbow
 M - the cursed +2 whip of the Head {venom, rC+, unknown}
   (You found it on level 4 of the Dungeon)

   It poisons the flesh of those it strikes.
   It protects you from cold.
   It has a curse placed upon it.
Missiles
 d - a throwing net (quivered)
 h - 185 stones
 K - 7 needles of sleeping
 N - 9 arrows
Armour
 o - a +1 ring mail of poison resistance (worn)
 F - a +0 pair of boots (worn)
 G - a +2 pair of gloves (worn)
Jewellery
 b - a cursed ring of teleportation {unknown}
 c - a ring of see invisible (left hand)
 k - an uncursed amulet of the gourmand
 l - an amulet of rage (around neck)
 r - a cursed ring of attention {unknown}
 u - a ring of poison resistance (right hand)
 D - an uncursed amulet of harm {unknown}
 L - a +3 ring of strength {unknown}
Scrolls
 e - a scroll of enchant armour {unknown}
 i - 2 scrolls of magic mapping {unknown}
 j - 5 scrolls of remove curse
 m - a scroll of teleportation
 v - 3 scrolls of enchant weapon {unknown}
 y - a scroll of blinking {unknown}
 B - 2 scrolls of fear {unknown}
 E - 2 scrolls of amnesia {unknown}
 I - a scroll of identify
 J - a scroll of immolation {unknown}
Potions
 g - 3 potions of lignification {unknown}
 n - 3 potions of mutation {unknown}
 p - 2 potions of curing
 s - 2 potions of berserk rage {unknown}
 t - a potion of haste {unknown}
 w - 2 potions of heal wounds
 z - 5 potions of invisibility
 A - a potion of degeneration {unknown}
 O - a potion of flight {unknown}
Comestibles
 f - 3 rations


   Skills:
 + Level 3.7 Fighting
 + Level 3.7 Short Blades
 + Level 9.2(9.3) Slings
 + Level 1.4(4.2) Throwing
 + Level 3.3 Armour
 + Level 2.5 Dodging
 + Level 1.9 Stealth


You had 7 spell levels left.
You didn't know any spells.
Your spell library was empty.

Dungeon Overview and Level Annotations

Branches:
Dungeon (5/15)             Temple (1/1) D:4

Altars:
Ashenzari
Cheibriados
Dithmenos
Elyvilon
Fedhas
Gozag
Hepliaklqana
Makhleb
Nemelex Xobeh
Qazlal
Sif Muna
Trog
Uskayaw
Vehumet
Xom
Zin
The Shining One

Annotations:
D:5 Dowan, Duvessa


Innate Abilities, Weirdness & Mutations

You are small and have problems with some larger weapons.
You are somewhat resistant to further mutation.


Message History

Duvessa is severely wounded.
The jackal bites you.
* * * LOW HITPOINT WARNING * * *
Duvessa closely misses you. Dowan hits you but does no damage.
The jackal bites the bush but does no damage.
The jackal bites you but does no damage.
You closely miss Duvessa.
Duvessa is severely wounded.
Duvessa closely misses you.
The jackal bites the bush but does no damage.
Dowan closely misses you. The jackal closely misses you.
You hit Duvessa but do no damage.
Duvessa is severely wounded.
Duvessa hits you but does no damage.
The jackal bites the bush.
The jackal closely misses you. Dowan gestures at you while chanting.
The puff of flame hits you!
* * * LOW HITPOINT WARNING * * *
Duvessa hits you with a +0 rapier.
You die...

#> .. #. .#
#.######.# #.... ...
#...# ..P #...##.PP
#....#.PP_P
#..e@ehP.P.
#...#hhPPP.
#.#.##...(..
#.#..#.#.#(((
#......##...#
###.........#
#########.##.#####..#
#.).......##........#
#.#######.##)..####.


You could see Duvessa, Dowan and 3 jackals.

Vanquished Creatures
  An ogre (D:4)
  A centaur (D:5)
  A jelly (D:5)
  3 orc priests
  4 orc wizards
  3 iguanas
  A worker ant zombie (D:5)
  6 gnolls (D:3)
  5 adders
  An ooze (D:3)
  An adder skeleton (D:4)
  A worm (D:5)
  3 dart slugs
  5 leopard geckos
  16 orcs
  7 giant cockroaches
  9 goblins
  11 hobgoblins
  8 jackals (D:1)
  A ball python (D:3)
  8 bats
  8 frilled lizards
  10 kobolds
  A quokka skeleton (D:4)
  4 rats
119 creatures vanquished.

Notes
Turn   | Place    | Note
-------+----------+-------------------------------------------
     0 | D:1      | Cryolive the Halfling Hunter began the quest for the Orb.
     0 | D:1      | Reached XP level 1. HP: 14/14 MP: 1/1
    31 | D:1      | Reached skill level 6 in Slings
    38 | D:1      | Reached XP level 2. HP: 14/19 MP: 2/2
   130 | D:1      | Reached XP level 3. HP: 24/24 MP: 3/3
   328 | D:1      | Reached skill level 7 in Slings
   807 | D:2      | Found an opulent altar of Gozag.
   828 | D:2      | Noticed an angel
   829 | D:2      | Found a glowing silver altar of Zin.
   832 | D:2      | Reached XP level 4. HP: 27/29 MP: 4/4
   834 | D:2      | Found a shimmering altar of Xom.
  1655 | D:3      | Reached XP level 5. HP: 35/35 MP: 5/5
  1739 | D:3      | Reached skill level 8 in Slings
  1863 | D:3      | Reached skill level 1 in Armour
  2174 | D:3      | Reached XP level 6. HP: 30/41 MP: 6/6
  2486 | D:4      | Noticed an ogre
  2510 | D:4      | Killed an ogre
  2510 | D:4      | Reached skill level 1 in Short Blades
  2510 | D:4      | Reached skill level 9 in Slings
  2594 | D:4      | Found a glowing golden altar of the Shining One.
  2731 | D:4      | Reached XP level 7. HP: 46/46 MP: 7/7
  2781 | D:4      | Found a burning altar of Makhleb.
  2809 | D:4      | Found a staircase to the Ecumenical Temple.
  2955 | Temple   | Entered the Ecumenical Temple
  3232 | Temple   | Became a worshipper of Dithmenos the Shadowed
  3535 | D:4      | Found a blossoming altar of Fedhas.
  3535 | D:4      | Found a stormy altar of Qazlal.
  3656 | D:4      | Found a sparkling altar of Nemelex Xobeh.
  3782 | D:4      | Got a steaming whip
  3980 | D:5      | Entered Level 5 of the Dungeon
  4145 | D:5      | Reached skill level 1 in Throwing
  4157 | D:5      | Reached XP level 8. HP: 14/54 MP: 8/8
  4238 | D:5      | Found a blossoming altar of Fedhas.
  4247 | D:5      | Noticed Dowan
  4251 | D:5      | Noticed Duvessa
  4276 | D:5      | Slain by Duvessa

Vault maps used:
D:1:      mainiacjoe_arrival_reflecting_pool
D:2:      grunt_temple_overflow_order_and_chaos_1, overflow_temple_1_default,
          serial_glass, glass_columns_b, glass_columns_b
D:4:      grunt_temple_overflow_forces_of_nature, lemuel_coloured_pillars_altar,
          tso_oasis_becter, lightli_temple_of_fire,
          minmay_temple_entry_enclosed_plants, first_ration
D:5:      minivault_11, fedhas_bush_and_centaur_altar, uniq_duvessa
Temple:   jpeg_temple_island

Skill      XL: |  1  2  3  4  5  6  7 |
---------------+----------------------+-----
Slings         | 6 7 8 9 |  9.2
Fighting       | 2 3 |  3.7
Armour         | 1 2 3 |  3.3
Short Blades   | 1 3 |  3.7
Throwing       | 1 |  1.4
Dodging        | |  2.5
Stealth        | |  1.9

Action                   |  1- 3 |  4- 6 |  7- 9 || total
-------------------------+-------+-------+-------++-------
Melee: Dagger            |       |    83 |   108 ||   191
 Fire: Hunting sling     |    77 |   124 |    15 ||   216
Throw: Stone             |       |       |    26 ||    26
       Tomahawk          |       |       |    26 ||    26
       Throwing net      |       |       |     1 ||     1
  Use: Scroll            |       |     3 |     1 ||     4
 Stab: Sleeping          |       |       |     1 ||     1
  Eat: Ration            |       |     2 |     1 ||     3
Armor: Ring mail         |     9 |    15 |    24 ||    48
Dodge: Dodged            |    19 |    48 |    71 ||   138

Table legend:
 A = Non-vault XP
 B = Vault XP
 C = Vault XP percentage of total XP
 D = Non-vault monster count
 E = Vault monster count
 F = Vault count percentage of total count
                 A         B        C        D         E       F
            +---------+---------+-------+---------+---------+-------
      Total |     928 |     115 |  11.0 |     118 |       1 |   0.8
            +---------+---------+-------+---------+---------+-------
        D:1 |      63 |       0 |   0.0 |      35 |       0 |   0.0
        D:2 |      67 |       0 |   0.0 |      21 |       0 |   0.0
        D:3 |     227 |       0 |   0.0 |      32 |       0 |   0.0
        D:4 |     462 |       0 |   0.0 |      24 |       0 |   0.0
        D:5 |     109 |     115 |  51.3 |       6 |       1 |  14.3
            +---------+---------+-------+---------+---------+-------
